 Dungeon Crawl Stone Soup version 0.27-a0-1144-g0b7d3b79db (webtiles) character file.

Game seed: 10613601093852553706

15074 Vomitron the Cleaver (level 11, 0/104 HPs)
             Began as a Deep Dwarf Fighter on May 10, 2021.
             Was a Priest of Makhleb.
             Slain by a komodo dragon (23 damage)
             ... on level 2 of the Lair of Beasts.
             The game lasted 00:34:52 (12711 turns).

Vomitron the Cleaver (Deep Dwarf Fighter)          Turns: 12711, Time: 00:34:52

Health: 0/104      AC: 16    Str: 27    XL:     11   Next: 97%
Magic:  7/7        EV:  9    Int: 12    God:    Makhleb [***...]
Gold:   747        SH: 13    Dex: 14    Spells: 10/10 levels left

rFire    + . .     SeeInvis .   Z - +3 broad axe (flame)
rCold    . . .     Faith    +   c - +0 kite shield
rNeg     . . .     Spirit   .   D - +4 ring mail "Zuhet" {Str+4 Dex+2}
rPois    .         Reflect  .   p - +2 helmet {Int+3}
rElec    .         Harm     .   (no cloak)
rCorr    .         Rampage  .   (no gloves)
Will     +....                  k - +0 pair of boots
Stlth    +.........             C - amulet of faith
HPRegen  0.00/turn              K - ring of protection from fire
MPRegen  0.10/turn              (no ring)

@: no status effects
A: damage resistance, heal wounds, sense surroundings 2, no regeneration
a: Heal Wounds, Renounce Religion, Minor Destruction, Lesser Servant of Makhleb


You were on level 2 of the Lair of Beasts.
You worshipped Makhleb.
Makhleb was most pleased with you.
You visited 3 branches of the dungeon, and saw 13 of its levels.
You also visited: Sewer and Ossuary.

You collected 747 gold pieces.

Inventory:

Hand Weapons
 a - a +0 war axe
 g - a +0 hunting sling of chaos
 Q - a +2 whip of venom
 S - a +2 hand axe of electrocution
 W - a +3 hand axe of freezing
 Z - a +3 broad axe of flaming (weapon)
Missiles
 i - 333 stones
 j - 79 sling bullets
 M - 9 curare-tipped darts
 U - 4 throwing nets
Armour
 b - a +0 scale mail
 c - a +0 kite shield (worn)
 k - a +0 pair of boots (worn)
 p - a +2 helmet of intelligence (worn)
 D - the +4 ring mail "Zuhet" (worn) {Str+4 Dex+2}
   (You found it on level 4 of the Dungeon)

   It affects your strength (+4).
   It affects your dexterity (+2).
Jewellery
 d - an amulet of magic regeneration
 s - a ring of willpower
 t - a ring of magical power
 B - a ring of positive energy
 C - an amulet of faith (around neck)
 K - a ring of protection from fire (left hand)
 O - an amulet of reflection
 Y - an amulet of the acrobat
Wands
 L - a wand of polymorph (3)
 R - a wand of acid (6)
 X - a wand of iceblast (13)
Scrolls
 e - 12 scrolls of teleportation
 f - 3 scrolls of enchant armour
 l - 2 scrolls of fog
 n - 2 scrolls of amnesia
 q - 3 scrolls of magic mapping
 x - a scroll of fear
 y - a scroll of blinking
 E - 2 scrolls of torment
 F - a scroll of immolation
 G - a scroll of noise
 I - 2 scrolls of vulnerability
 N - a scroll of silence {unknown}
Potions
 h - a potion of invisibility {unknown}
 m - 7 potions of degeneration
 o - 2 potions of haste
 r - 3 potions of berserk rage
 u - 6 potions of curing
 v - 3 potions of heal wounds
 w - 2 potions of brilliance
 z - 2 potions of magic {unknown}
 A - a potion of cancellation {unknown}
 H - 3 potions of flight
 J - 2 potions of mutation {unknown}
 T - 2 potions of might
 V - a potion of attraction {unknown}


   Skills:
 + Level 8.6 Fighting
 + Level 12.1 Axes
 + Level 10.2 Armour
 + Level 10.1 Shields
 + Level 6.9 Invocations


You had 10 spell levels left.
You didn't know any spells.
Your spell library contained the following spells:

 Spells                   Type           Power      Damage    Failure   Level
 Foxfire                  Conj/Fire      0%         2x1d4     63%         1
 Magic Dart               Conj           0%         1d3       63%         1
 Sting                    Tmut/Pois      0%         1d3       63%         1
 Blink                    Tloc           N/A        N/A       77%         2
 Call Imp                 Summ           0%         N/A       77%         2
 Poisonous Vapours        Pois/Air       0%         N/A       77%         2
 Slow                     Hex            0%         N/A       77%         2
 Conjure Flame            Conj/Fire      0%         6-21      94%         3
 Ignite Poison            Fire/Tmut/Pois 0%         N/A       94%         3
 Inner Flame              Hex/Fire       0%         N/A       94%         3
 Mephitic Cloud           Conj/Pois/Air  0%         N/A       94%         3
 Olgreb's Toxic Radiance  Pois           0%         N/A       100%        4
 Sticky Flame             Conj/Fire      0%         2d3       100%        4
 Fireball                 Conj/Fire      0%         3d3       100%        5


Dungeon Overview and Level Annotations

Branches:
Dungeon (10/15)            Temple (1/1) D:4            Lair (2/6) D:9
  Swamp (0/4) Lair:2        Snake (0/4) Lair:2        Sewer (visited)
Ossuary (visited)
    Orc: D:9-12

Altars:
Ashenzari
Cheibriados
Dithmenos
Elyvilon
Fedhas
Gozag
Hepliaklqana
Kikubaaqudgha
Makhleb
Nemelex Xobeh
Okawaru
Qazlal
Ru
Sif Muna
Trog
Uskayaw
Vehumet
Wu Jian
Xom
Yredelemnul
Zin
The Shining One

Annotations:
D:8 2 transporters


Innate Abilities, Weirdness & Mutations

You are resistant to damage.
You can heal yourself by infusing magical energy.
You passively map the area around you.
You do not regenerate.


Message History

Unknown command.
You miss the butterfly. You barely miss the butterfly.
You completely miss the butterfly. You miss the butterfly.
You miss the butterfly. You hit the butterfly. You burn the butterfly.
You kill the butterfly!
A komodo dragon comes into view.
The komodo dragon hisses angrily.
Press: ? - help, Shift-Dir - straight line, f - komodo dragon
Aim: a komodo dragon The stone arrow hits the komodo dragon!
The komodo dragon is lightly wounded.
Unknown command.
Unknown command.
Press: ? - help, Shift-Dir - straight line, f/p - komodo dragon
Aim: a komodo dragon (lightly wounded)
The komodo dragon resists with significant effort.
Unknown command.
Unknown command.
Press: ? - help, Shift-Dir - straight line, f/p - komodo dragon
Aim: a komodo dragon (lightly wounded)
The komodo dragon writhes in agony.
Unknown command.
Unknown command.
You closely miss the komodo dragon.
The komodo dragon is moderately wounded.
The komodo dragon barely misses you.
You barely miss the komodo dragon.
The komodo dragon is moderately wounded.
The komodo dragon bites you.
* * * LOW HITPOINT WARNING * * *
You hit the komodo dragon. You burn the komodo dragon.
The komodo dragon is heavily wounded.
You block the komodo dragon's attack.
You hit the komodo dragon. You burn the komodo dragon.
The komodo dragon is heavily wounded.
The komodo dragon bites you!!
You die...

* * , * *, ** # * ##
###*## ,.###.* ,,
##.##P##.# *# #....# * ,
###.....$..###.#....## *
, *
#..........##.#......##
*
,...........#.#........#
......l@..##........#
*P..........#..#.....#
##....#.###..#......##
..#.....##..#^#.....P#
#..........####......##
* #.........# #........#
* , #.........
#.......## * ,
.......... #.......P##
#....PP..# ###.........#


You could see a komodo dragon.

Vanquished Creatures
  A hydra (Lair:2)
  A catoblepas (Lair:2)
  Sonja (Lair:1)
  Nergalle (Lair:1)
  A black mamba (Lair:2)
  Maggie (D:9)
  3 cane toads
  5 komodo dragons
  A troll (D:9)
  A hornet (D:4)
  2 tyrant leeches (Lair:2)
  3 blink frogs (Lair:2)
  Grinder (D:4)
  2 wyverns (Lair:1)
  19 yaks
  A basilisk (Lair:1)
  Menkaure (Ossuary)
  2 acid dragons
  A swamp worm (Lair:2)
  3 water moccasins
  2 orc warriors
  A black bear (D:8)
  A necrophage (D:4)
  An ice beast (D:6)
  5 sky beasts
  2 ogres
  2 centaurs
  A phantom (D:5)
  3 kobold brigands
  An elf zombie (D:4)
  7 bullfrogs
  A gnoll sergeant (D:9)
  A scorpion (D:6)
  2 elf skeletons (D:4)
  8 killer bees
  16 wights
  An electric eel (Lair:1)
  2 howler monkeys
  4 centaur zombies
  2 hounds
  4 jellies
  4 orc priests
  3 human zombies (D:4)
  A bullfrog skeleton (D:5)
  A human skeleton (D:4)
  3 iguanas (D:7)
  A hell rat (Lair:2)
  6 orc wizards
  A hound skeleton (D:5)
  3 mummies (Ossuary)
  15 adders
  4 gnolls (D:9)
  2 howler monkey zombies
  4 river rats (Sewer)
  A white imp (D:6)
  An ufetubus (D:7)
  4 worms
  6 dart slugs
  20 orcs
  10 ball pythons
  6 endoplasms
  2 giant cockroaches
  10 hobgoblins
  3 jackals (D:1)
  7 quokkas
  5 bats
  6 frilled lizards
  4 gnoll skeletons (Ossuary)
  6 gnoll zombies (Ossuary)
  4 goblins
  6 goblin skeletons (Ossuary)
  4 goblin zombies (Ossuary)
  4 hobgoblin skeletons (Ossuary)
  5 hobgoblin zombies (Ossuary)
  15 kobolds
  5 kobold skeletons (Ossuary)
  3 kobold zombies (Ossuary)
  4 orc skeletons
  4 orc zombies
  29 rats
  4 rat skeletons (Ossuary)
  5 rat zombies (Ossuary)
  A butterfly (Lair:2)
350 creatures vanquished.

Vanquished Creatures (others)
  2 kobolds (D:9)
  4 fungi
  2 plants (Lair:1)
8 creatures vanquished.

Grand Total: 358 creatures vanquished

Notes
Turn   | Place    | Note
-------+----------+-------------------------------------------
     0 | D:1      | Vomitron the Deep Dwarf Fighter began the quest for the
                  | Orb.
     0 | D:1      | Reached XP level 1. HP: 20/20 MP: 1/1
   166 | D:1      | Reached XP level 2. HP: 27/27 MP: 2/2
   872 | D:2      | Reached skill level 3 in Axes
   883 | D:2      | Reached XP level 3. HP: 33/33 MP: 3/3
   896 | D:2      | Found an ornate altar of the Wu Jian Council.
   970 | D:2      | Found a faded altar of an unknown god.
  1782 | D:3      | Found a glowing drain.
  1796 | D:3      | Reached XP level 4. HP: 34/42 MP: 4/4
  1810 | Sewer    | Entered a sewer
  2110 | Sewer    | Reached skill level 4 in Axes
  2110 | Sewer    | Reached XP level 5. HP: 33/49 MP: 5/5
  2210 | Sewer    | Reached XP level 6. HP: 28/57 MP: 6/6
  2285 | D:3      | You fall into a shaft and drop 3 floors!
  2382 | D:6      | Reached skill level 5 in Axes
  2467 | D:6      | Found a sacrificial altar of Ru.
  2524 | D:6      | Noticed an ice beast
  2531 | D:6      | Killed an ice beast
  2545 | D:5      | Entered Level 5 of the Dungeon
  2548 | D:5      | Found a white marble altar of Elyvilon.
  2674 | D:6      | Noticed a sky beast
  2681 | D:6      | Killed a sky beast
  2682 | D:6      | Reached XP level 7. HP: 39/64 MP: 6/6
  2737 | D:6      | Reached skill level 5 in Armour
  2737 | D:6      | Reached skill level 5 in Shields
  2740 | D:6      | Reached skill level 6 in Axes
  2766 | D:6      | Found a radiant altar of Vehumet.
  2767 | D:6      | Found a glowing golden altar of the Shining One.
  2828 | D:6      | Found a basalt altar of Yredelemnul.
  3136 | D:4      | Identified the +4 ring mail "Zuhet" {Str+4 Dex+2}
  3146 | D:4      | Reached XP level 8. HP: 47/73 MP: 6/6
  3204 | D:4      | Noticed Grinder
  3205 | D:4      | Paralysed by Grinder for 7 turns
  3220 | D:4      | Paralysed by Grinder for 4 turns
  3225 | D:4      | Killed Grinder
  3226 | D:4      | Reached skill level 7 in Axes
  3323 | D:4      | Reached skill level 5 in Fighting
  3385 | D:4      | Found a sand-covered staircase.
  3409 | Ossuary  | Entered an ossuary
  3768 | Ossuary  | Noticed Menkaure
  3777 | Ossuary  | Killed Menkaure
  3778 | Ossuary  | Reached skill level 8 in Axes
  3871 | D:4      | Found a stormy altar of Qazlal.
  4302 | D:3      | Found an opulent altar of Gozag.
  5025 | D:4      | Noticed a hornet
  5028 | D:4      | Gained mutation: You passively map the area around you.
                  | [Deep Dwarf growth]
  5028 | D:4      | Reached XP level 9. HP: 49/81 MP: 7/7
  5051 | D:4      | Paralysed by a hornet for 2 turns
  5329 | D:4      | Found a staircase to the Ecumenical Temple.
  5339 | Temple   | Entered the Ecumenical Temple
  5388 | Temple   | Became a worshipper of Makhleb the Destroyer
  5661 | D:5      | Reached skill level 9 in Axes
  5908 | D:5      | Found a shadowy altar of Dithmenos.
  7752 | D:8      | Reached skill level 10 in Axes
  7786 | D:8      | Reached * piety under Makhleb
  7787 | D:8      | Reached XP level 10. HP: 49/92 MP: 6/6
  8287 | D:8      | Found a transporter.
  8289 | D:8      | Found a transporter.
  8289 | D:8      | Noticed a boulder beetle
  9223 | D:9      | Reached skill level 1 in Invocations
  9226 | D:9      | Noticed Maggie
  9236 | D:9      | Reached skill level 11 in Axes
  9241 | D:9      | Killed Maggie
  9273 | D:9      | Reached ** piety under Makhleb
  9391 | D:9      | Found a staircase to the Lair.
  9529 | D:9      | Found a hazy altar of Hepliaklqana.
  9757 | D:10     | Entered Level 10 of the Dungeon
 10371 | D:10     | Found a blossoming altar of Fedhas.
 10695 | Lair:1   | Entered Level 1 of the Lair of Beasts
 10718 | Lair:1   | Noticed Sonja
 10780 | Lair:1   | You fall into a shaft and drop 1 floor!
 10820 | Lair:1   | Killed Sonja
 10821 | Lair:1   | Reached XP level 11. HP: 68/100 MP: 7/7
 10840 | Lair:1   | Reached *** piety under Makhleb
 11127 | Lair:1   | Reached skill level 5 in Invocations
 11211 | Lair:1   | Identified a scroll of acquirement
 11212 | Lair:1   | Acquired an amulet of reflection
 11627 | Lair:1   | Noticed Nergalle
 11643 | Lair:1   | Killed Nergalle
 12014 | Lair:2   | Found a staircase to the Snake Pit.
 12222 | Lair:2   | Noticed a catoblepas
 12261 | Lair:2   | Killed a catoblepas
 12262 | Lair:2   | Reached skill level 12 in Axes
 12262 | Lair:2   | Reached skill level 10 in Armour
 12262 | Lair:2   | Reached skill level 10 in Shields
 12511 | Lair:2   | Found a staircase to the Swamp.
 12526 | Lair:2   | Noticed a seven-headed hydra
 12533 | Lair:2   | Killed a six-headed hydra
 12711 | Lair:2   | Slain by a komodo dragon

Illustrated notes

Levels and vault maps discovered:
D:1:      giann_wishing_wells, layout_basic, minmay_quantized
D:2:      layout_basic, basic_altar, shapermc_ecumenical_altar_mp_urbaneastern
D:3:      layout_loops_corners, nicolae_overflow_crystal_walls,
          cheibrodos_sewer_entry_drain
D:4:      minmay_chambers_of_threes, layout_loops_ring, grunt_qazlal_clouds,
          minmay_temple_entry_enclosed_plants, nicolae_ossuary_entry_catacombs,
          uniq_grinder
D:5:      layout_loops_ring, nicolae_overflow_hidden_temple,
          grunt_dithmenos_smoke
D:6:      layout_gridville, nicolae_ru_sacrificial_ziggurat,
          chequers_temple_overflow_statue_of_worship
D:7:      layout_layer_cave
D:8:      gammafunk_boulding_lane, layout_layer_cave
D:9:      layout_loops_ring, nzn_hepliaklqana_mist_gate, lair_entry_dummy,
          kennysheep_decorative_pillar, uniq_maggie
D:10:     layout_gridville, lemuel_coloured_pillars_altar
Temple:   nicolae_temple_hex_pool
Lair:1:   layout_long_grid, grunt_forest_stairs_basic, serial_bayou_shore_a,
          grunt_megastairs_3, uniq_sonja, uniq_nergalle
Lair:2:   nzn_winding_woodlands_three_and_one
          [nzn_winding_woodlands_5x15_concentric,
          nzn_winding_woodlands_5x15_split_checker,
          nzn_winding_woodlands_5x15_pathside_ponds,
          nzn_winding_woodlands_center_lodge], layout_cave_pods,
          minmay_swamp_entry_worms, lemuel_fruit_fields

Skill      XL: |  1  2  3  4  5  6  7  8  9 10 11 |
---------------+----------------------------------+-----
Axes           | 3 4 5 6 8 10 11 12 | 12.1
Fighting       | 3 4 5 6 7 8 |  8.6
Shields        | 4 5 6 7 9 10 | 10.1
Armour         | 4 5 6 7 9 10 | 10.2
Invocations    | 3 6 |  6.9

Action                   |  1- 3 |  4- 6 |  7- 9 | 10-12 || total
-------------------------+-------+-------+-------+-------++-------
Melee: War axe           |    87 |    77 |   455 |       ||   619
       Whip              |       |       |    32 |    84 ||   116
       Hand axe          |       |       |    14 |    92 ||   106
       Broad axe         |       |       |       |   168 ||   168
 Fire: Hunting sling     |    57 |    71 |    66 |     1 ||   195
Invok: Minor Destruction |       |       |       |    44 ||    44
       Lesser Servant of |       |       |       |     1 ||     1
 Abil: Heal Wounds       |       |     1 |     8 |    17 ||    26
Evoke: Wand              |       |       |       |    13 ||    13
  Use: Scroll            |       |     5 |     3 |    17 ||    25
       Potion            |       |     1 |     3 |     1 ||     5
Armor: Scale mail        |    44 |    48 |    22 |       ||   114
       Ring mail         |       |       |   138 |    98 ||   236
       Skin              |       |       |    28 |    11 ||    39
Dodge: Dodged            |    19 |    45 |   105 |    93 ||   262
Block: Kite shield       |    52 |    69 |   231 |   211 ||   563

Table legend: (Time is in decaauts)
 A = Elapsed time spent in this place.
 B = Non-inter-level travel time spent in this place.
 C = Inter-level travel time spent in this place.
 D = Time resting spent in this place.
 E = Time spent auto-exploring this place.
 F = Levels seen in this place.
 G = Mean time per level.
                   A        B        C        D        E       F      G
               +--------+--------+--------+--------+--------+-----+--------+
         Total |  13049 |  12598 |    451 |    329 |   8896 |  15 |  869.9 |
       Dungeon |   9873 |   9466 |    407 |     31 |   7421 |  10 |  987.3 |
        Temple |     94 |     74 |     20 |      0 |     72 |   1 |   94.0 |
          Lair |   2055 |   2031 |     24 |    224 |   1368 |   2 | 1027.5 |
         Sewer |    552 |    552 |      0 |      0 |     31 |   1 |  552.0 |
       Ossuary |    472 |    472 |      0 |     74 |      4 |   1 |  472.0 |
               +--------+--------+--------+--------+--------+-----+--------+

Top non-repeatable levels by time:
     D:8: 1259 daAuts
     D:7: 1211 daAuts
     D:4: 1141 daAuts
  Lair:1: 1079 daAuts
  Lair:2: 976 daAuts
     D:2: 947 daAuts
     D:9: 935 daAuts
     D:5: 927 daAuts
     D:3: 900 daAuts
    D:10: 870 daAuts
     D:1: 847 daAuts
     D:6: 833 daAuts
   Sewer: 552 daAuts
 Ossuary: 472 daAuts
  Temple: 94 daAuts
